 Dungeon Crawl Stone Soup version 0.18-a0-76-g3fe7f8b (webtiles) character file.

422 Proton the Chopper (level 6, -6/57 HPs)
             Began as a Deep Dwarf Fighter on Nov 12, 2015.
             Mangled by ReteAZ's ghost (12 damage)
             ... on level 4 of the Dungeon.
             The game lasted 00:12:26 (2782 turns).

Proton the Chopper (Deep Dwarf Fighter)             Turns: 2782, Time: 00:12:27

Health: -6/57      AC:  7    Str: 27    XL:     6   Next: 63%
Magic:  6/6        EV: 10    Int:  8    God:
Gold:   209        SH:  0    Dex: 18    Spells: 0 memorised, 5 levels left

rFire  . . .     SeeInvis .     a - +0 war axe
rCold  . . .     Clarity  .     b - +0 scale mail
rNeg   . . .     SustAt   .     (no shield)
rPois  .         Gourm    .     (no helmet)
rElec  .         Spirit   .     (no cloak)
rCorr  .         Warding  .     (no gloves)
rMut   .         Stasis   .     (no boots)
MR     .....                    u - amulet of rage
Stlth  ..........               s - +6 ring of dexterity
                                o - +5 ring of strength

@: non-regenerating, drained, not resistant to hostile enchantments, extremely
unstealthy
A: damage resistance, recharge devices, sense surroundings 1, slow regeneration
3
a: Device Recharging, Evoke Berserk Rage


You were on level 4 of the Dungeon.
You were not hungry.

You visited 1 branch of the dungeon, and saw 4 of its levels.

You collected 209 gold pieces.

Inventory:

Hand Weapons
 a - a +0 war axe (weapon)
Armour
 b - a +0 scale mail (worn)
Jewellery
 g - an uncursed ring of see invisible
 o - a +5 ring of strength (left hand)
 s - a +6 ring of dexterity (right hand)
 u - an amulet of rage (around neck)
Wands
 e - a wand of heal wounds (3)
 x - a wand of fireball (8)
Scrolls
 c - 3 scrolls of remove curse
 i - a scroll of recharging
 j - 2 scrolls of identify {unknown}
 k - a scroll of fog {unknown}
 m - 2 scrolls of blinking {unknown}
 n - a scroll of immolation {unknown}
 v - a scroll of magic mapping {unknown}
Potions
 d - 2 potions of might
 p - 2 potions of haste {unknown}
 q - 2 potions of brilliance {unknown}
 r - 2 potions of resistance {unknown}
 t - a potion of mutation {unknown}
 w - a potion of curing {unknown}
Comestibles
 f - 4 bread rations
 h - 3 meat rations
 l - 4 fruits


   Skills:
 + Level 4.1(3.5) Fighting
 * Level 5.7(5.1) Axes
 + Level 4.9(4.3) Armour
 + Level 0.4(0.0) Dodging
   Level 3.2(2.6) Shields


You had 5 spell levels left.
You didn't know any spells.

Dungeon Overview and Level Annotations

Branches:
Dungeon (4/15)
 Temple: D:4-7

Altars:
Gozag

Shops:
D:4 %

Annotations:
D:4 ReteAZ's ghost, amateur TrFi


Innate Abilities, Weirdness & Mutations

You are resistant to damage.
You can recharge devices by infusing magical energy.
You passively map a small area around you.
You do not regenerate naturally.


Message History

Charge which item? (? for menu, Esc to quit)
As you read the scroll of recharging, it crumbles to dust.
Your wand of heal wounds (0) glows for a moment and now has 4 charges.
ReteAZ's ghost completely misses you.
The wight hits you from afar with a spear.
Evoke which item? (* to show all) (? for menu, Esc to quit)
Zapping:
e - a wand of heal wounds (4)
Press: ? - help, Shift-Dir - straight line, f - you You feel much better.
This wand has 3 charges left.
The wight barely misses you. ReteAZ's ghost barely misses you.
You slash ReteAZ's ghost!
ReteAZ's ghost is almost destroyed.
The wight hits you from afar with a spear!
You feel drained. ReteAZ's ghost hits you!
* * * LOW HITPOINT WARNING * * *
The wight closely misses you.
You hit ReteAZ's ghost but do no damage.
ReteAZ's ghost is almost destroyed.
ReteAZ's ghost hits you!
You die...

###.####........
##..####.......
##......##......
####.......W.......
#.#................
#.................
##.z............#.
##Wz............##
#@##............#
#####.....####..##
##...## ##..#
#...#######..
#...##....##.
#.........###
#####....## #
##..## ##.#


You could see 2 wights and ReteAZ's ghost.

Vanquished Creatures
  Sigmund (D:3)
  A scorpion (D:4)
  A wight (D:4)
  2 worker ants (D:4)
  5 adders
  An ooze (D:2)
  3 worms
  6 orcs (D:3)
  3 giant cockroaches
  8 goblins
  7 hobgoblins
  8 jackals
  6 kobolds
  4 quokkas
  A ball python (D:3)
  7 bats
  A giant gecko (D:1)
  7 giant newts
  11 rats
  3 toadstools (D:1)
86 creatures vanquished.

Vanquished Creatures (others)
  A toadstool (D:1)
1 creature vanquished.

Grand Total: 87 creatures vanquished

Notes
Turn   | Place    | Note
--------------------------------------------------------------
     0 | D:1      | Proton the Deep Dwarf Fighter began the quest for the Orb.
     0 | D:1      | Reached XP level 1. HP: 20/20 MP: 1/1
   248 | D:1      | Reached XP level 2. HP: 25/27 MP: 2/2
   985 | D:2      | Reached XP level 3. HP: 29/34 MP: 3/3
  1665 | D:3      | Noticed Sigmund
  1671 | D:3      | Killed Sigmund
  1671 | D:3      | Reached skill level 4 in Axes
  1671 | D:3      | Reached XP level 4. HP: 34/44 MP: 4/4
  1671 | D:3      | Reached XP level 5. HP: 38/50 MP: 5/5
  1718 | D:3      | Reached skill level 5 in Axes
  1744 | D:3      | Found an opulent altar of Gozag.
  1919 | D:3      | Reached XP level 6. HP: 26/57 MP: 6/6
  2557 | D:4      | Found Nuul's Food Shoppe.
  2715 | D:4      | Noticed ReteAZ's ghost (amateur TrFi)
  2768 | D:4      | HP: 1/57 [ReteAZ's ghost (10)]
  2778 | D:4      | HP: 2/57 [ReteAZ's ghost (13)]
  2782 | D:4      | Mangled by ReteAZ's ghost

Vault maps used:
D:1:      ldierk_water_garden, hangedman_decor_growths, kennysheep_small_spiral
D:3:      lemuel_coloured_pillars_altar, first_bread, amethyst_killhole,
          corner_web_ring, uniq_sigmund
D:4:      serial_shops, shop, nemelex_lonely_heart_becter

Action                   |  1- 3 |  4- 6 || total
-------------------------+-------+-------++-------
Melee: War axe           |   120 |   146 ||   266
Evoke: Wand              |       |     9 ||     9
  Use: Scroll            |     2 |     2 ||     4
  Eat: Meat ration       |     1 |       ||     1
       Bread ration      |       |     1 ||     1
